 Dungeon Crawl Stone Soup version 0.16-a0-3803-gd4b2de5 (console) character file.

129 MrRokkomies the Slasher (level 4, -1/32 HPs)
             Began as a High Elf Skald on Jan 25, 2015.
             Was a Follower of Cheibriados.
             Killed by nerve-wracking pain
             ... invoked by an orc priest
              (7 damage)
             ... on level 3 of the Dungeon on Jan 26, 2015.
             The game lasted 00:11:26 (3168 turns).

MrRokkomies the Slasher (High Elf Skald)            Turns: 3168, Time: 00:11:26

Health: -1/32      AC:  8    Str: 17    XL:     4   Next: 88%
Magic:  11/11      EV: 11    Int: 18    God:    Cheibriados [*.....]
Gold:   202        SH:  0    Dex: 16    Spells: 2 memorised, 4 levels left

rFire  . . .     SeeInvis .     a - +0 falchion
rCold  . . .     Clarity  .     n - +0 ring mail
rNeg   . . .     SustAb   .     (no shield)
rPois  .         Gourm    .     (no helmet)
rElec  .         Spirit   .     j - +0 cloak
rCorr  .         Warding  .     (no gloves)
rMut   .         Stasis   .     q - +1 pair of boots
MR     .....                    (no amulet)
Stlth  ++........               p - +3 ring of strength
                                i - ring of stealth

@: very slow, not resistant to hostile enchantments, unstealthy
A: no striking features
a: Bend Time, Renounce Religion


You were on level 3 of the Dungeon.
You worshipped Cheibriados.
Cheibriados was aware of your devotion.
You were hungry.

You visited 1 branch of the dungeon, and saw 4 of its levels.

You collected 202 gold pieces.

Inventory:

Hand weapons
 a - a +0 falchion (weapon)
Missiles
 b - 2 curare-tipped needles
 k - 9 poisoned needles
 r - 20 arrows
 s - 20 stones (quivered)
Armour
 j - a +0 cloak (worn)
 n - a +0 ring mail (worn)
 q - a +1 pair of boots (worn)
Jewellery
 i - a ring of stealth (left hand)
 p - a +3 ring of strength (right hand)
Magical devices
 h - a wand of digging (12)
Scrolls
 e - 3 scrolls of remove curse
 m - a scroll of enchant armour {unknown}
 t - a scroll of recharging {unknown}
 v - a scroll of immolation {unknown}
Potions
 f - a potion of lignification
 l - a potion of mutation {unknown}
 o - a potion of flight
 u - a potion of curing
Books
 c - a book of Battle

   Spells                             Type                      Level
   a - Infusion                       Charms                       1
   b - Shroud of Golubria             Charms/Translocation         2
   c - Song of Slaying                Charms                       2
   d - Spectral Weapon                Hexes/Charms                 3
   e - Regeneration                   Charms/Necromancy            3
Comestibles
 d - 2 bread rations
 g - 2 meat rations


   Skills:
 * Level 3.6 Fighting
 * Level 5.0 Long Blades
 - Level 0.8 Armour
 - Level 1.1 Dodging
 - Level 2.4 Spellcasting
 - Level 3.6 Charms


You had 4 spell levels left.
You knew the following spells:

 Your Spells              Type           Power        Failure   Level  Hunger
a - Infusion              Chrm           ###...       10%         1    #......
b - Shroud of Golubria    Chrm/Tloc      #.........   28%         2    ##.....


Dungeon Overview and Level Annotations

Branches:
Dungeon (4/15)
 Temple: D:4-7

Altars:
Ashenzari
Cheibriados
Kikubaaqudgha


Message History

You closely miss the orc priest. The orc priest hits you with a flail.
* * * LOW HITPOINT WARNING * * *
You are too injured to fight recklessly!
You are too injured to fight recklessly!
You are too injured to fight recklessly!
You closely miss the orc priest. The orc priest hits you with a flail.
* * * LOW HITPOINT WARNING * * *
You hit the orc priest.
The orc priest is lightly wounded.
You hit the orc priest.
The orc priest is moderately wounded.
The orc priest barely misses you.
You barely miss the orc priest.
The orc priest is moderately wounded.
The orc priest closely misses you.
You hit the orc priest.
The orc priest is heavily wounded.
The orc priest invokes the aid of Beogh against you.
Pain shoots through your body!
You die...

..#........# ##.# #.#........#
..) #.#........# #..
#.#........###### ### ..
.#+###.#........+.... ....###.
.......#........##.##########....
.....)[.............)..........>.
.......#.#######.#.#######......#
########.# #.#.# #......#
+........# #o#.# #.÷....#
########.## #@#.# #.......
#..######)#.# ###.....
#......##.#.# #.....
#......##.#+###### #.....
#......##........# #.....
#......##........########.
####......##........'......'.
#.........##.......÷########.
#.###....###.............# #.
#.............#####......# #.
#..#########..# #......# ##


You could see an orc priest.

Vanquished Creatures
  A scorpion (D:4)
  An adder (D:4)
  3 worms
  5 orcs (D:3)
  6 bats
  6 hobgoblins
  5 kobolds
  A giant cockroach (D:1)
  4 giant geckos
  5 goblins
  7 rats
44 creatures vanquished.

Notes
Turn   | Place    | Note
--------------------------------------------------------------
     0 | D:1      | MrRokkomies, the High Elf Skald, began the quest for the Orb.
     0 | D:1      | Reached XP level 1. HP: 14/14 MP: 4/4
   505 | D:1      | Reached XP level 2. HP: 17/20 MP: 6/6
  1105 | D:1      | Learned a level 2 spell: Shroud of Golubria
  1151 | D:2      | Found a shattered altar of Ashenzari.
  1259 | D:2      | Reached XP level 3. HP: 20/25 MP: 8/8
  1704 | D:2      | Found a snail-covered altar of Cheibriados.
  1714 | D:2      | Became a worshipper of Cheibriados the Contemplative
  2249 | D:4      | Reached skill level 4 in Long Blades
  2445 | D:4      | Noticed a scorpion
  2447 | D:4      | Upgraded the game from 0.16-a0-3781-g2316936 to 0.16-a0-3803-gd4b2de5
  2459 | D:4      | HP: 1/25 [poisoned by a scorpion]
  2469 | D:4      | Killed a scorpion
  2469 | D:4      | Reached XP level 4. HP: 12/31 MP: 5/11
  2648 | D:3      | Found an ancient bone altar of Kikubaaqudgha.
  3160 | D:3      | Reached skill level 5 in Long Blades
  3168 | D:3      | Killed from afar by an orc priest

Action                   |  1- 3 |  4- 6 || total
-------------------------+-------+-------++-------
Melee: Falchion          |   115 |    61 ||   176
 Cast: Infusion          |     2 |     1 ||     3
       Shroud of Golubri |     1 |     1 ||     2
  Use: Scroll            |     5 |       ||     5
       Potion            |     3 |       ||     3
 Stab: Sleeping          |     1 |       ||     1
  Eat: Chunk             |     3 |     2 ||     5
       Beef jerky        |     1 |       ||     1
